 Dungeon Crawl Stone Soup version 0.23-a0-512-g50a8178 (webtiles) character file.

101 Dmuffinman the Poker (level 4, 0/34 HPs)
             Began as a Merfolk Skald on Dec 4, 2018.
             Slain by Larett's ghost (7 damage)
             ... on level 3 of the Dungeon.
             The game lasted 00:10:14 (1104 turns).

Dmuffinman the Poker (Merfolk Skald)                Turns: 1104, Time: 00:10:15

Health: 0/34       AC:  7    Str: 12    XL:     4   Next: 75%
Magic:  3/7        EV: 11    Int: 12    God:
Gold:   77         SH:  0    Dex: 13    Spells: 4/7 levels left

rFire    . . .     SeeInvis .   a - +0 spear
rCold    . . .     Gourm    .   (no shield)
rNeg     . . .     Faith    .   c - +0 ring mail
rPois    .         Spirit   .   (no helmet)
rElec    .         Reflect  .   h - +0 cloak
rCorr    .         Harm     .   (no gloves)
MR       .....                  k - +0 pair of boots
Stlth    +.........             (no amulet)
HPRegen  0.11/turn              (no ring)
MPRegen  0.10/turn              (no ring)

@: infused, singing
A: change form in water, swift swim, stealthy swim
a: no special abilities


You were on level 3 of the Dungeon.
You were not hungry.

You visited 1 branch of the dungeon, and saw 3 of its levels.

You collected 77 gold pieces.

Inventory:

Hand Weapons
 a - a +0 spear (weapon)
 n - a +2 quarterstaff of chaos
Armour
 b - a +0 leather armour
 c - a +0 ring mail (worn)
 h - a +0 cloak (worn)
 k - a +0 pair of boots (worn)
Scrolls
 e - 2 scrolls of identify {unknown}
 i - a scroll of remove curse {unknown}
 m - a scroll of teleportation {unknown}
Potions
 g - a potion of flight {unknown}
 j - a potion of cancellation {unknown}
 l - a potion of curing {unknown}
 o - a potion of degeneration {unknown}
Comestibles
 d - 2 rations
 f - 2 chunks of flesh


   Skills:
 + Level 2.5 Fighting
 * Level 4.5 Polearms
 + Level 0.8 Armour
 + Level 3.4 Dodging
 + Level 1.0 Stealth
 + Level 2.2 Spellcasting
 + Level 4.1 Charms


You had 4 spell levels left.
You knew the following spells:

 Your Spells              Type           Power        Failure   Level  Hunger
a - Infusion              Chrm           ##..         11%         1    ##.....
b - Song of Slaying       Chrm           ##......     16%         2    ###....

Your spell library contained the following spells:

 Spells                   Type           Power        Failure   Level  Hunger
 Shroud of Golubria       Chrm/Tloc      #.........   36%         2    ###....
 Regeneration             Chrm/Necr      #.........   61%         3    ####...
 Spectral Weapon          Hex/Chrm       #.......     61%         3    ####...


Dungeon Overview and Level Annotations

Branches:
Dungeon (3/15)

Altars:

Annotations:
D:3 Larett's ghost, amateur MiBe


Message History

You closely miss Larett's ghost.
Larett's ghost is lightly damaged.
You hit Larett's ghost but do no damage.
Larett's ghost is lightly damaged.
Larett's ghost hits you!
You hit Larett's ghost but do no damage.
Larett's ghost is lightly damaged.
Larett's ghost completely misses you.
You closely miss Larett's ghost.
Larett's ghost is lightly damaged.
Larett's ghost hits you.
* * * LOW HITPOINT WARNING * * *
You closely miss Larett's ghost.
Larett's ghost is lightly damaged.
Larett's ghost hits you.
* * * LOW HITPOINT WARNING * * *
You hit Larett's ghost.
Larett's ghost is lightly damaged.
Larett's ghost hits you!
You die...

....###.#.......#...#
.... #.#.......#.###
.....###.'.....$.#.#
....#...'.....$.#.#
+##....#g'.......#.#
.....#.#.#.......#.#
#........#....?..#.#
#....#...#########.#
.........oW@.......#
...#....#.####.#####
.....#..#......#
.......<...#....
......#.#..##..#.
.##..............#
#.############ # .).
###


You could see Larett's ghost and an orc.

Vanquished Creatures
  Crazy Yiuf (D:2)
  3 gnolls (D:2)
  An adder (D:2)
  An ooze (D:2)
  2 dart slugs
  2 leopard geckos (D:1)
  3 giant cockroaches (D:1)
  2 goblins (D:1)
  3 jackals (D:1)
  3 kobolds
  A quokka (D:2)
  A bat (D:1)
  3 frilled lizards
  5 rats (D:1)
31 creatures vanquished.

Notes
Turn   | Place    | Note
-------+----------+-------------------------------------------
     0 | D:1      | Dmuffinman the Merfolk Skald began the quest for the Orb.
     0 | D:1      | Reached XP level 1. HP: 16/16 MP: 3/3
   120 | D:1      | Reached XP level 2. HP: 19/22 MP: 5/5
   313 | D:1      | Reached XP level 3. HP: 25/27 MP: 6/6
   876 | D:2      | Found a runed door.
   882 | D:2      | Noticed Crazy Yiuf
   889 | D:2      | Killed Crazy Yiuf
   889 | D:2      | Reached XP level 4. HP: 33/33 MP: 1/7
   963 | D:2      | Learned a level 2 spell: Song of Slaying
   979 | D:2      | Reached skill level 1 in Stealth
  1036 | D:3      | Found a runed gate.
  1037 | D:3      | Found a runed gate.
  1038 | D:3      | Found a runed gate.
  1039 | D:3      | Noticed Larett's ghost (amateur MiBe)
  1104 | D:3      | Slain by Larett's ghost

Vault maps used:
D:1:      lightli_iron_boxes, minmay_tripent
D:2:      uniq_crazy_yiuf_cottage
D:3:      wander_river, gammafunk_ghost_split

Skill      XL: |  1  2  3  4 |
---------------+-------------+-----
Polearms       | 4 |  4.5
Charms         | 4 |  4.1
Dodging        | 3 |  3.4
Stealth        | 1 |  1.0
Fighting       | |  2.5
Armour         | |  0.8
Spellcasting   | |  2.2

Action                   |  1- 3 |  4- 6 || total
-------------------------+-------+-------++-------
Melee: Spear             |   124 |    31 ||   155
 Cast: Infusion          |     4 |     1 ||     5
       Song of Slaying   |       |     2 ||     2
  Eat: Chunk             |       |     1 ||     1
Armor: Ring mail         |    39 |     6 ||    45
Dodge: Dodged            |    64 |    10 ||    74

Table legend:
 A = Non-vault XP
 B = Vault XP
 C = Vault XP percentage of total XP
 D = Non-vault monster count
 E = Vault monster count
 F = Vault count percentage of total count
                 A         B        C        D         E       F
            +---------+---------+-------+---------+---------+-------
      Total |     107 |      38 |  26.2 |      28 |       3 |   9.7
            +---------+---------+-------+---------+---------+-------
        D:1 |      34 |       3 |   8.1 |      18 |       2 |  10.0
        D:2 |      73 |      35 |  32.4 |      10 |       1 |   9.1
            +---------+---------+-------+---------+---------+-------
